 Dungeon Crawl Stone Soup version 0.25.0-1-g7eea58d2a3 (webtiles) character file.

Game seed: 15333466741042100836

1841 Delamore the Basher (level 9, -8/51 HPs)
             Began as a Gargoyle Fighter on June 14, 2020.
             Killed by divine providence
             ... invoked by an orc priest
              (17 damage)
             ... on level 6 of the Dungeon.
             The game lasted 00:07:41 (6384 turns).

Delamore the Basher (Gargoyle Fighter)              Turns: 6384, Time: 00:07:41

Health: -8/51      AC: 15    Str: 24    XL:     9   Next: 12%
Magic:  9/9        EV:  9    Int:  8    God:
Gold:   157        SH:  4    Dex:  9    Spells: 8/8 levels left

rFire    . . .     SeeInvis .   E - +1 flail (protect)
rCold    + + .     Gourm    .   B - +0 buckler
rNeg     + . .     Faith    .   b - +0 scale mail
rPois    ∞         Spirit   .   r - +0 helmet
rElec    +         Reflect  .   F - scarf {repulsion}
rCorr    .         Harm     .   (no gloves)
MR       .....                  m - +0 pair of boots
Stlth    ..........             (no amulet)
HPRegen  0.17/turn              k - ring of protection from cold
MPRegen  0.11/turn              h - ring of protection from cold

@: repel missiles
A: negative energy resistance 1, electricity resistance, unbreathing,
petrification resistance, rot immunity, AC +6
a: no special abilities


You were on level 6 of the Dungeon.
You were not hungry.

You visited 1 branch of the dungeon, and saw 6 of its levels.
You also visited: Sewer.

You collected 185 gold pieces.
You spent 28 gold pieces at shops.

Inventory:

Hand Weapons
 E - a +1 flail of protection (weapon)
Missiles
 p - a throwing net (quivered)
Armour
 b - a +0 scale mail (worn)
 c - a +0 kite shield
 m - a +0 pair of boots (worn)
 q - a +0 cloak
 r - a +0 helmet (worn)
 B - a +0 buckler (worn)
 F - a scarf of repulsion (worn)
Jewellery
 a - a +6 ring of strength {unknown}
 h - a ring of protection from cold (right hand)
 k - a ring of protection from cold (left hand)
Wands
 w - a wand of random effects (16)
 A - a wand of polymorph (6)
 C - a wand of flame (17)
Scrolls
 g - 2 scrolls of fear {unknown}
 i - 3 scrolls of remove curse {unknown}
 n - 2 scrolls of fog
 v - 2 scrolls of blinking {unknown}
 x - a scroll of immolation {unknown}
 y - 3 scrolls of identify
 z - a scroll of summoning {unknown}
 D - a scroll of random uselessness {unknown}
Potions
 d - 3 potions of might
 e - a potion of resistance
 j - 4 potions of curing
 l - a potion of brilliance
 o - 4 potions of heal wounds {unknown}
 s - 2 potions of lignification {unknown}
 t - a potion of flight
 u - 2 potions of haste
 G - a potion of ambrosia {unknown}
Comestibles
 f - 14 rations
 H - 9 chunks of flesh


   Skills:
 - Level 3.2 Fighting
 + Level 11.5 Maces & Flails
 - Level 3.2 Armour
 - Level 3.2 Shields


You had 8 spell levels left.
You didn't know any spells.
Your spell library was empty.

Dungeon Overview and Level Annotations

Branches:
Dungeon (6/15)              Sewer (visited)
 Temple: D:4-7

Altars:
Dithmenos
Elyvilon
Fedhas
Kikubaaqudgha
Makhleb
Ru
Sif Muna
Zin
The Shining One

Shops:
D:6 ?


Innate Abilities, Weirdness & Mutations

You are resistant to torment.
Your stone body is resilient. (AC +6)
You are immune to poison.
You resist negative energy. (rN+)
You are resistant to electric shocks. (rElec)
You can survive without breathing.
You are immune to petrification.
You are immune to rotting.


Message History

The orc priest is moderately wounded.
You hear a shout!
The orc priest hits you but does no damage.
You block something's attack.
An orc wizard comes into view. It is wielding a +0 dagger.
The orc warrior hits you with a +0 dire flail!
The orc wizard gestures wildly while chanting.
The orc wizard flickers and vanishes!
The orc priest mumbles some strange prayers to Beogh against you.
You struggle to resist.
The orc priest calls down the wrath of Beogh upon you.
Beogh smites you!
* * * LOW HITPOINT WARNING * * *
The orc warrior throws a boomerang.
The boomerang hits you.
* * * LOW HITPOINT WARNING * * *
The weapon returns to the orc warrior!
It was a potion of curing.
You feel better.
The orc priest invokes the aid of Beogh against you.
Beogh smites you!
You die...

#......................#..
#.....##..##...........#..
#.....##..##...####...##..
#.........###### #..<####
#..........# ..)...
#...[......#... ..>.....
#.........##..# .#######..
#..>......# ..##.# ..
#.....##.@# !.... .
#.....##..# ....
#........o# ..#
#........o##).##..#
#........o..co..o..
#.........c)..h....
#...∩.##..##.......
#.....##### ..###.#
#....... ### #


You could see an orc warrior, a centaur and 2 orc priests.

Vanquished Creatures
  Edmund (D:4)
  Duvessa (D:4)
  A sky beast (D:5)
  Purgy (Sewer)
  An ice beast (D:5)
  An ogre (D:5)
  2 centaurs
  Dowan (D:3)
  A scorpion (D:5)
  A bullfrog zombie (D:5)
  A centaur zombie (D:5)
  5 orc priests
  3 centaur skeletons
  A bullfrog skeleton (D:5)
  Crazy Yiuf (D:2)
  Ijyb (D:3)
  Terence (D:2)
  Natasha (thrice) (D:4)
  An iguana (D:3)
  2 orc wizards
  4 worker ants
  A killer bee zombie (D:5)
  A hound skeleton (D:4)
  Robin (D:3)
  7 gnolls
  A howler monkey skeleton (D:5)
  A river rat (D:3)
  7 adders
  2 oozes (D:1)
  3 adder skeletons
  3 worms
  3 dart slugs
  5 leopard geckos
  20 orcs
  3 ball pythons (D:2)
  10 bats
  6 giant cockroaches
  15 goblins
  5 hobgoblins
  2 jackals (D:1)
  3 quokkas
  8 frilled lizards
  9 kobolds
  A leopard gecko skeleton (D:4)
  A leopard gecko zombie (D:6)
  A quokka zombie (D:5)
  9 rats
162 creatures vanquished.

Notes
Turn   | Place    | Note
-------+----------+-------------------------------------------
     0 | D:1      | Delamore the Gargoyle Fighter began the quest for the Orb.
     0 | D:1      | Reached XP level 1. HP: 14/14 MP: 1/1
    69 | D:1      | Reached XP level 2. HP: 19/19 MP: 2/2
   116 | D:1      | Reached skill level 3 in Maces & Flails
   370 | D:1      | Reached XP level 3. HP: 23/23 MP: 3/3
   974 | D:2      | Reached skill level 4 in Maces & Flails
   999 | D:2      | Reached XP level 4. HP: 28/28 MP: 4/4
  1234 | D:2      | Found an ancient bone altar of Kikubaaqudgha.
  1287 | D:2      | Noticed Terence
  1296 | D:2      | Killed Terence
  1452 | D:2      | Reached skill level 5 in Maces & Flails
  1455 | D:2      | Reached XP level 5. HP: 32/32 MP: 5/5
  1517 | D:2      | Found a shadowy altar of Dithmenos.
  1634 | D:2      | Found a runed translucent door.
  1635 | D:2      | Noticed Crazy Yiuf
  1888 | D:2      | Killed Crazy Yiuf
  2069 | D:3      | Found a shimmering blue altar of Sif Muna.
  2315 | D:3      | Noticed Robin
  2317 | D:3      | Reached skill level 6 in Maces & Flails
  2332 | D:3      | Reached XP level 6. HP: 35/37 MP: 6/6
  2335 | D:3      | Killed Robin
  2475 | D:3      | Found a glowing drain.
  2507 | Sewer    | Entered a sewer
  2533 | Sewer    | Noticed Purgy
  2549 | Sewer    | Killed Purgy
  3110 | D:3      | Noticed Ijyb
  3145 | D:3      | Killed Ijyb
  3145 | D:3      | Reached skill level 7 in Maces & Flails
  3290 | D:3      | Found a burning altar of Makhleb.
  3292 | D:3      | Noticed a green death
  3296 | D:3      | Noticed a smoke demon
  3296 | D:3      | Noticed a ynoxinul
  3594 | D:4      | Reached XP level 7. HP: 37/41 MP: 7/7
  3667 | D:4      | Noticed Dowan
  3669 | D:4      | Noticed Duvessa
  4045 | D:4      | Killed Duvessa
  4045 | D:4      | Reached skill level 8 in Maces & Flails
  4246 | D:3      | Killed Dowan
  4334 | D:4      | Noticed Natasha
  4342 | D:4      | Killed Natasha
  4475 | D:4      | Noticed Natasha
  4484 | D:4      | Killed Natasha
  4524 | D:4      | Noticed Edmund
  4550 | D:4      | Killed Edmund
  4550 | D:4      | Reached skill level 9 in Maces & Flails
  4550 | D:4      | Reached XP level 8. HP: 45/46 MP: 8/8
  4603 | D:4      | Noticed Natasha
  4615 | D:4      | Killed Natasha
  4727 | D:4      | Found a blossoming altar of Fedhas.
  5269 | D:5      | Entered Level 5 of the Dungeon
  5312 | D:5      | Reached skill level 10 in Maces & Flails
  5363 | D:5      | Found a sacrificial altar of Ru.
  5761 | D:5      | Found a white marble altar of Elyvilon.
  5761 | D:5      | Found a glowing silver altar of Zin.
  5761 | D:5      | Found a glowing golden altar of the Shining One.
  6212 | D:5      | Reached skill level 11 in Maces & Flails
  6229 | D:6      | Reached XP level 9. HP: 46/51 MP: 9/9
  6347 | D:6      | Found Hanuw's Magic Scroll Boutique.
  6357 | D:6      | Bought a scroll of fog for 28 gold pieces
  6384 | D:6      | Killed from afar by an orc priest

Illustrated notes

Levels and vault maps discovered:
D:1:      ebering_hopf_link, layout_basic
D:2:      layout_loops_cross, grunt_dithmenos_smoke_and_mirrors,
          marbit_many_paths, first_ration, uniq_crazy_yiuf_cottage, uniq_terence
D:3:      layout_loops_ring, nicolae_overflow_crystal_walls,
          portal_sewer_entry_b, makhleb_altar_promises_db, uniq_ijyb, uniq_robin
D:4:      layout_basic, fedhas_altar_4, uniq_edmund, uniq_duvessa, uniq_natasha
D:5:      layout_loops_cross, good_gods_mini_temple, old_standard_altar,
          minmay_small_thing
D:6:      layout_gridville, trog_ov_bears_minmay,
          minmay_temple_entry_antechambers, serial_shops, shop

Skill      XL: |  1  2  3  4  5  6  7  8 |
---------------+-------------------------+-----
Maces & Flails | 3 4 5 6 7 9 11 | 11.5
Fighting       | |  3.2
Armour         | |  3.2
Shields        | |  3.2

Action                   |  1- 3 |  4- 6 |  7- 9 || total
-------------------------+-------+-------+-------++-------
Melee: Flail             |   124 |   198 |   208 ||   530
       Mace              |       |    41 |   115 ||   156
  Use: Scroll            |       |     3 |       ||     3
       Potion            |       |     1 |     1 ||     2
  Eat: Chunk             |     1 |     8 |    10 ||    19
Armor: Scale mail        |    96 |   147 |   145 ||   388
Dodge: Dodged            |    50 |    76 |   119 ||   245
       Repelled          |       |       |     3 ||     3
Block: Kite shield       |    69 |   126 |    26 ||   221
       Buckler           |       |       |    35 ||    35
